[Event "Late-Titled-Tuesday-Blitz-April-02-2024"]
[Site "Chess.com"]
[Date "2024.04.02"]
[Round "6"]
[White "azikom"]
[Black "giovannibrandao7"]
[Result "1-0"]
[WhiteElo "2651"]
[BlackElo "2172"]
[TimeControl "180+1"]
[EndTime "15:04:32 PDT"]
[Termination "azikom won on time"]

1. e4 c5 2. Nc3 Nc6 3. g3 g6 4. Bg2 Bg7 5. d3 e5 6. h4 d6 7.
h5 f5 8. Nd5 Be6 9. Nf3 Bxd5 10. exd5 Nce7 11. Ng5 Qd7 12. Ne6 Bf6 13. c4 Kf7 14. Rb1 a5 15. Kf1 Rb8 16. Bd2 b6 17. b3 Nc8 18. g4 Nge7 19. hxg6+ hxg6 20. Rxh8 Bxh8 21. gxf5 Nxf5 22. Be4 Nce7 23. Qf3 Bf6 24. Be3 Rh8 25. Ke2 b5 26. Rg1 bxc4 27. dxc4 Rg8 28. Kd3 a4 29. Qh3 axb3 30. axb3 Qb7 31. Kc2 Ke8 32.
Ra1 Rh8 33. Qg2 Kd7 34. Ra3 Nxe3+ 35. fxe3 Nf5 36. Bxf5 gxf5 37. Qf2 Ra8 38. Rxa8 Qxa8 39. Qxf5 Qa2+ 40. Kc1 Qa1+ 41. Kd2 Qb2+ 42. Ke1 Qc3+ 43. Ke2 Qb2+ 44. Kf3 1-0

[Event "Late-Titled-Tuesday-Blitz-April-02-2024"]
[Site "Chess.com"]
[Date "2024.04.02"]
[Round "6"]
[White "Caracal3000"]
[Black "LeninGuerra"]
[Result "0-1"]
[WhiteElo "2542"]
[BlackElo "2721"]
[TimeControl "180+1"]
[EndTime "15:04:35 PDT"]
[Termination "LeninGuerra won on time"]

1. e4 c5 2. Nf3 e6 3. d4 cxd4 4. Nxd4 Nc6 5. Nc3 Qc7 6. Be2 a6 7. Nxc6 bxc6 8. Qd3 e5 9. Qg3 Nf6 10. O-O d6 11. f4 Be7 12. Kh1 h5 13. fxe5 dxe5 14.
Qxg7 Rg8 15. Qh6 Rg6 16. Qe3 Be6 17. Bd2 a5 18. Na4 Rd8 19. Bc3 h4 20. b3 h3 21.
gxh3 Nxe4 22. Bf3 Nxc3 23. Qxc3 Bxh3 24. Rg1 Rdd6 25. Rxg6 Rf6 26. Rxf6 Bxf6 27. Qxc6+ Qxc6 28. Bxc6+ Ke7 29. Be4 Bg5 30. Rd1 f5 31. Bg2 Bg4 32. Rd5 Bf4 33. Rxa5 Bd1 34. Rc5 Kf6 35. Rc4 Be3 36.
Nc5 f4 37. Ne4+ Kf5 38. Bh3+ Kg6 39. Rc6+ Kh5 40. Bg2 f3 41. Ng3+ Kg5 42. Rd6 fxg2+ 43. Kxg2 Bxc2 44. Rd5 Kf4 45. Ne2+ Ke4 46. Ra5 Kd3 47.
Ng3 Bd4 48. Rd5 Bb1 49. Nf5 Bxa2 50. Nxd4 exd4 51. Rb5 Kc3 52. b4 d3 53. Rb6 Bd5+ 54.
Kf2 d2 0-1

[Event "Late-Titled-Tuesday-Blitz-April-02-2024"]
[Site "Chess.com"]
[Date "2024.04.02"]
[Round "6"]
[White "Kazan28"]
[Black "Good_Knight_Kiss"]
[Result "1-0"]
[WhiteElo "2662"]
[BlackElo "2502"]
[TimeControl "180+1"]
[EndTime "15:04:35 PDT"]
[Termination "Kazan28 won on time"]

1. d4 Nf6 2. c4 g6 3. Nc3 Bg7 4. e4 d6 5. Nf3 O-O 6. Be2 e5 7. d5 a5 8. Be3 Ng4 9. Bg5 f6 10. Bh4 g5 11. Bg3 Nh6 12. Nd2 f5 13. h3 Na6 14. f3 Nc5 15. Qc2 a4 16. O-O-O Bd7 17. Rhf1 Ra5 18. Bf2 Qa8 19. Kb1 Rc8 20. Be3 f4 21.
Bf2 Nf7 22. b4 axb3 23. axb3 Ra3 24. Kb2 Qa5 25. Ra1 Ra8 26. Rab1 Qb4 27. Kc1 Bf6 28. Rd1 Bd8 29. Be1 Ra1 30. Rxa1 Rxa1+ 31. Ncb1 c6 32. Qb2 Ra8 33. Qc3 Qxc3+ 34. Nxc3 Kg7 35. Kc2 Kf6 36. b4 Na4 37. Ra1 Nb6 38. Rxa8 Nxa8 39. Bf2 Bb6 40. Bxb6 Nxb6 41. Nb3 cxd5 42. cxd5 h5 43.
Na5 Bc8 44. Nb5 Ke7 45. Na7 Kd8 46. Bb5 Kc7 47. Be8 Nh6 48. Bxh5 Ng8 49. Nb5+ Kd8 50. Nxd6 Nf6 51. Bg4 1-0

[Event "Late-Titled-Tuesday-Blitz-April-02-2024"]
[Site "Chess.com"]
[Date "2024.04.02"]
[Round "6"]
[White "Bilan_Danila"]
[Black "UK_23"]
[Result "1/2-1/2"]
[WhiteElo "2567"]
[BlackElo "2409"]
[TimeControl "180+1"]
[EndTime "15:04:35 PDT"]
[Termination "Game drawn - insufficient material"]

1. d4 d5 2. Nf3 Nf6 3. c4 e6 4.
Nc3 Be7 5. Bg5 O-O 6. e3 b6 7. cxd5 Nxd5 8. Bxe7 Qxe7 9. Nxd5 exd5 10. Rc1 Be6 11. Bd3 Rc8 12. Qc2 h6 13. O-O c5 14.
dxc5 bxc5 15. Rfd1 a5 16. Nd4 Nc6 17. Qxc5 Qxc5 18. Rxc5 Nxd4 19. exd4 Rxc5 20. dxc5 Rc8 21. Rc1 d4 22. a3 Bd5 23. b4 axb4 24. axb4 Kf8 25. f3 Ke7 26. Re1+ Kf6 27. Kf2 g6 28. Be4 Bc4 29. Bb7 Rc7 30. Be4 Rc8 31. Rc1 Bb5 32.
f4 Ke6 33. Rd1 Rd8 34. Ke1 f5 35. Bf3 g5 36. g3 gxf4 37. gxf4 d3 38. Kd2 Rd4 39.
Ke3 Rxb4 40. Rc1 d2 41. Kxd2 Rxf4 42. Ke3 Rc4 43. Rxc4 Bxc4 44. Kf4 Bd3 45. Bb7 Bc2 46. Bc8+ Kf6 47. Bxf5 Bxf5 48. c6 Bc8 49. c7 Bf5 50. h4 Bc8 51. Ke4 Ke6 52. Kd4 Kd6 53. h5 Bf5 54. Ke3 Kxc7 55. Kf4 Bd3 56. Ke5 Be2 57.
Kf6 Bxh5 58. Kg7 Be8 59. Kxh6 1/2-1/2

[Event "Late-Titled-Tuesday-Blitz-April-02-2024"]
[Site "Chess.com"]
[Date "2024.04.02"]
[Round "6"]
[White "platy3"]
[Black "Rashad_Zeynalli"]
[Result "1-0"]
[WhiteElo "2947"]
[BlackElo "2689"]
[TimeControl "180+1"]
[EndTime "15:04:37 PDT"]
[Termination "platy3 won on time"]

1. e4 e5 2. Nf3 Nc6 3. Bc4 Nf6 4. d3 h6 5. a4 g5 6. Nc3 Bc5 7. Be3 d6 8. h3 Be6 9. Bxe6 fxe6 10. Bxc5 dxc5 11. Qd2 a6 12. a5 Qd6 13. Qe3 Nd4 14. Rc1 Nh5 15. Nd2 Nf4 16. Kf1 Rf8 17. Nc4 Qe7 18.
Nxe5 O-O-O 19. g3 Qg7 20. Nc4 Nh5 21. Nd2 Qe5 22. Kg2 Nf4+ 23. Kh2 Nxc2 24. Rxc2 Rxd3 25. gxf4 Rxf4 26. Qxd3 Rf3+ 27. Kg2 Rxd3 28. Re1 h5 29. Nf1 g4 30. hxg4 hxg4 31. Re3 c4 32. Rxd3 cxd3 33.
Rd2 Qxa5 34. Rxd3 Qb4 35. Rd2 a5 36. Ne3 c6 37. Nxg4 a4 38. Rc2 Qb3 39. Ne3 b5 40.
Ne2 Kb7 41. Kf3 b4 42. Nd4 Qd3 43. Nxc6 b3 44. Rc4 a3 45. Ne5 Qb1 46. bxa3 Qh1+ 47. Ke2 Ka6 48. Ra4+ Kb5 49. Rb4+ Kc5 50. Nd3+ Kd6 51.
e5+ Kc6 52. Rxb3 Qa1 53. Nc2 Qa2 54. Nb4+ 1-0

[Event "Late-Titled-Tuesday-Blitz-April-02-2024"]
[Site "Chess.com"]
[Date "2024.04.02"]
[Round "6"]
[White "NitaLucian"]
[Black "Mikhal867"]
[Result "0-1"]
[WhiteElo "2343"]
[BlackElo "2520"]
[TimeControl "180+1"]
[EndTime "15:04:38 PDT"]
[Termination "Mikhal867 won by resignation"]

1. e4 g6 2. Nf3 Bg7 3. d4 d6 4. c4 Nf6 5. Nc3 O-O 6. Bd3 Nc6 7. d5 Ne5 8. Nxe5 dxe5 9. Be3 Nh5 10. g3 Bh3 11. Qd2 e6 12. O-O-O exd5 13. cxd5 Bg4 14.
Be2 Bxe2 15. Qxe2 Bf6 16. h4 a6 17. Kb1 b5 18. Bc5 Be7 19. Qe3 Bxc5 20. Qxc5 Qd6 21.
Qc6 Rab8 22. Ne2 Rb6 23. Qc3 b4 24. Qb3 a5 25. Rc1 c6 26. Rhd1 Qf6 27. Qe3 cxd5 28. Rxd5 a4 29. g4 Nf4 30. Nxf4 exf4 31. Qd4 Qxd4 32. Rxd4 a3 33. Rcc4 Rfb8 34. f3 b3 35. axb3 Rxb3 36. Rc2 Rxb2+ 37. Rxb2 Rxb2+ 38. Ka1 Rb3 39.
h5 Kg7 40. Rd7 gxh5 41. gxh5 Rxf3 42. e5 Re3 43. Rd4 f3 44. Rf4 Rxe5 45. Rxf3 Rxh5 46.
Rxa3 Rb5 47. Rf3 f5 48. Ka2 Kf6 49. Ka3 Kg5 50. Ka4 Rb1 51. Rg3+ Kf4 52. Rg2 Kf3 53. Rh2 f4 54. Rxh7 Kf2 55. Re7 f3 56. Ka3 Rb8 57.
Ka2 Kf1 58. Rf7 f2 59. Re7 Rb4 60. Ka3 Rf4 61. Kb3 Kg2 62. Rg7+ Kf3 0-1

[Event "Late-Titled-Tuesday-Blitz-April-02-2024"]
[Site "Chess.com"]
[Date "2024.04.02"]
[Round "6"]
[White "Grischuk"]
[Black "temus_galaktionov"]
[Result "0-1"]
[WhiteElo "3058"]
[BlackElo "2861"]
[TimeControl "180+1"]
[EndTime "15:04:39 PDT"]
[Termination "temus_galaktionov won on time"]

1. d4 c6 2. Nf3 g6 3. e4 d6 4. Bd3 Bg7 5. O-O Nd7 6. Re1 e5 7. c3 Ngf6 8. Nbd2 O-O 9. Nf1 Qc7 10. Ng3 b6 11. h3 Bb7 12. Bg5 Rfe8 13. Qd2 d5 14. Nxe5 Nxe5 15. dxe5 Nxe4 16. Bxe4 dxe4 17. Nxe4 Bxe5 18. Nf6+ Bxf6 19. Bxf6 Re6 20. Rxe6 fxe6 21. Re1 Re8 22. Be5 Qe7 23. Re3 Rd8 24. Qe2 c5 25. Kh2 Qf7 26. c4 h6 27. Rg3 Kh7 28.
Bc3 Qf5 29. Qe3 Rd7 30. Rg4 g5 31. Rg3 Qe4 32. Qxe4+ Bxe4 33. Re3 Bb1 34. a3 Ba2 35. Re4 Rd6 36. g4 Kg6 37. f3 Kf7 38. Kg3 Bb1 39. Re3 Ba2 40. Re4 Bb1 41. Re5 Ba2 42. h4 gxh4+ 43.
Kxh4 Bxc4 44. Rh5 Kg6 45. Kg3 Rd3 46. Kf4 Bd5 47. Rh3 b5 48. Be5 b4 49. axb4 cxb4 50.
Bc7 Rb3 51. Bd6 Rxb2 52. Bf8 Kf7 0-1

[Event "Late-Titled-Tuesday-Blitz-April-02-2024"]
[Site "Chess.com"]
[Date "2024.04.02"]
[Round "6"]
[White "ameetghasi100"]
[Black "Msb2"]
[Result "0-1"]
[WhiteElo "2801"]
[BlackElo "3039"]
[TimeControl "180+1"]
[EndTime "15:04:40 PDT"]
[Termination "Msb2 won on time"]

1. Nf3 d5 2. g3 e6 3. Bg2 Nf6 4. O-O Bd6 5. d3 O-O 6. Nc3 e5 7. e4 d4 8. Ne2 c5 9. Nh4 Nc6 10. Nf5 Re8 11. h3 Bxf5 12. exf5 e4 13. Bg5 exd3 14. cxd3 h6 15. Bd2 Qd7 16. g4 Ne5 17. Nf4 Bc7 18. Rc1 Qd6 19. Re1 Re7 20. Qc2 Rae8 21.
Kf1 b6 22. a3 Nexg4 23. hxg4 Nxg4 24. Nd5 Rxe1+ 25. Rxe1 Rxe1+ 26. Bxe1 Qe5 27. Qd1 h5 28. Bd2 Bd8 29. Be4 Qh2 30. Qf3 Bh4 31. Bf4 Qxf2+ 32.
Qxf2 Nxf2 33. f6 Nxe4 34. dxe4 g5 35. Bb8 g4 36. Bxa7 c4 37. Bxb6 d3 38. Be3 Bg3 39.
a4 h4 40. a5 Kh7 41. a6 Bb8 42. e5 h3 43. a7 Bxa7 44. Bxa7 Kg6 45. Ne3 d2 46. Nd1 Kf5 47. Bd4 Ke4 48. e6 Kf3 49.
Kg1 Ke2 50. e7 Kxd1 51. e8=Q Kc2 0-1

[Event "Late-Titled-Tuesday-Blitz-April-02-2024"]
[Site "Chess.com"]
[Date "2024.04.02"]
[Round "6"]
[White "Koalaskakistis"]
[Black "ChessSwole"]
[Result "1/2-1/2"]
[WhiteElo "2540"]
[BlackElo "2695"]
[TimeControl "180+1"]
[EndTime "15:04:40 PDT"]
[Termination "Game drawn - insufficient material"]

1. e4 e5 2. Nf3 Nc6 3. d4 exd4 4. Bc4 Nf6 5. O-O Nxe4 6. Re1 d5 7. Bxd5 Qxd5 8. Nc3 Qd7 9. Nxe4 Be7 10. Bg5 O-O 11.
Bxe7 Qxe7 12. Nxd4 Bd7 13. Ng3 Qf6 14. Nxc6 Bxc6 15. c3 Rad8 16. Qc2 Rfe8 17. Rad1 Qg5 18. Rxe8+ Rxe8 19. Qd2 Qxd2 20. Rxd2 Re1+ 21. Nf1 Kf8 22. c4 a5 23. f3 a4 24. Kf2 Ra1 25. b3 g5 26. Ne3 h5 27. b4 b5 28. cxb5 Bxb5 29. Rc2 c6 30. Nf5 f6 31. Nd4 Ke7 32. Ke3 Kd6 33. h4 gxh4 34. Nf5+ Ke6 35. Nd4+ Kd7 36. Kf4 Rd1 37. Nxb5 cxb5 38. Rc5 Rd4+ 39. Ke3 Rxb4 40. Rxh5 Rb2 41. a3 Kc6 42. Rxh4 Rb3+ 43. Kd4 Rxa3 44.
Rh6 Ra2 45. Rxf6+ Kb7 46. Kc5 Rb2 47. Rf7+ Kc8 48. Ra7 Kd8 49. g4 Ke8 50. g5 Kf8 51. g6 Rf2 52. Kxb5 Rxf3 53. Rxa4 Rg3 54. Rc4 Rxg6 55. Rc5 Kf7 56. Rc7+ Kf6 57. Rc6+ Kf7 58. Rxg6 Kxg6 1/2-1/2

[Event "Late-Titled-Tuesday-Blitz-April-02-2024"]
[Site "Chess.com"]
[Date "2024.04.02"]
[Round "6"]
[White "1mbl4"]
[Black "Fengwi"]
[Result "1-0"]
[WhiteElo "2631"]
[BlackElo "2451"]
[TimeControl "180+1"]
[EndTime "15:04:40 PDT"]
[Termination "1mbl4 won on time"]

1. e4 c5 2. d4 cxd4 3. c3 Nf6 4. e5 Nd5 5. Nf3 d6 6. Bc4 Nb6 7. Bb3 Nc6 8. exd6 Qxd6 9. cxd4 Be6 10. O-O Bxb3 11.
Qxb3 e6 12. Nc3 Be7 13. Ne4 Qd5 14. Nc3 Qxb3 15. axb3 O-O 16. Be3 Nd5 17. Rfc1 Rfd8 18.
Ne4 Rac8 19. Kf1 h6 20. g3 b6 21. Ke2 Na5 22. Ned2 Bb4 23. h4 h5 24. Kd1 f6 25.
Rxc8 Rxc8 26. Rc1 Rxc1+ 27. Kxc1 Nxe3 28. fxe3 Bd6 29. Ne4 Bc7 30. Kc2 Kf7 31. Nfd2 Nc6 32. Kc3 Ne7 33. Nf1 Nd5+ 34. Kd3 Ke7 35. Nc3 a6 36. e4 Nb4+ 37. Kd2 b5 38. Ne2 Nc6 39. Kd3 g5 40. Nd2 Bd6 41. Nf3 g4 42. Nd2 Nd8 43. Nf1 Nf7 44. Ne3 Kd7 45. Nf4 e5 46. Nxh5 exd4 47. Nxg4 Be5 48. Nhxf6+ Ke6 49. Nd5 Bh8 50. h5 Ng5 51. Nh6 1-0

[Event "Late-Titled-Tuesday-Blitz-April-02-2024"]
[Site "Chess.com"]
[Date "2024.04.02"]
[Round "6"]
[White "fmcabralis"]
[Black "campochess"]
[Result "1-0"]
[WhiteElo "2398"]
[BlackElo "2179"]
[TimeControl "180+1"]
[EndTime "15:04:41 PDT"]
[Termination "fmcabralis won by resignation"]

1. e4 c5 2. Nf3 Nc6 3. d4 cxd4 4. Nxd4 e5 5. Nb5 a6 6. N5a3 Bc5 7. Nc3 Qh4 8. g3 Qf6 9. Be3 Bxe3 10. fxe3 Nge7 11.
Nd5 Nxd5 12. exd5 Ne7 13. Bg2 O-O 14. Qd3 d6 15. O-O-O Bf5 16. e4 Bg6 17. Nc4 Nc8 18. Rdf1 Qe7 19. h4 h5 20. Ne3 b5 21. Nf5 Qc7 22. Bf3 Nb6 23. Qe2 Rac8 24. Rh2 Nc4 25. Bxh5 Qa5 26. Ne7+ Kh7 27. Bxg6+ fxg6 28. Nxc8 Rxc8 29.
Kb1 Qb4 30. c3 Qa5 31. h5 g5 32. Qg4 Qd8 33. Qf5+ Kh8 34. h6 g6 35. Qxg6 Rc7 36. Rf7 Rxf7 37. Qxf7 Qg8 38. Qxg8+ Kxg8 39. Rh5 Kh7 40. Rxg5 Kxh6 41. Rf5 Nd2+ 42. Kc2 Nxe4 43. g4 Kg6 44. Rf8 Nf6 45. Rd8 Ne4 46. b4 Kg5 47. Kd3 Nf2+ 48. Ke2 Ne4 49. Kd3 Nf2+ 50. Ke3 Nxg4+ 51.
Kf3 Kf5 52. Rxd6 e4+ 53. Ke2 Ke5 54. Rxa6 Nh2 55. d6 Ke6 56. d7+ Kxd7 57. Rh6 Ng4 58.
Rh4 Nf6 59. Ke3 Nd5+ 60. Kd4 Nf6 61. Rxe4 Kd6 62. Rh4 Ne8 63. Rh6+ Kd7 64. Kc5 Kc7 65. Rh7+ Kc8 66. Rh8 1-0

[Event "Late-Titled-Tuesday-Blitz-April-02-2024"]
[Site "Chess.com"]
[Date "2024.04.02"]
[Round "6"]
[White "dosto07"]
[Black "sacrifoice"]
[Result "1-0"]
[WhiteElo "2471"]
[BlackElo "2285"]
[TimeControl "180+1"]
[EndTime "15:04:44 PDT"]
[Termination "dosto07 won on time"]

1. e4 c5 2. Nf3 d6 3. Bb5+ Nd7 4. d4 cxd4 5. Qxd4 Nf6 6. Bg5 a6 7. Bxd7+ Bxd7 8. Nc3 e6 9. O-O-O Be7 10. e5 dxe5 11. Nxe5 Bc6 12. Nxc6 bxc6 13. Bxf6 Bxf6 14. Qc5 Qc7 15.
Ne4 Be7 16. Nd6+ Bxd6 17. Rxd6 Rc8 18. Rhd1 O-O 19. g3 h6 20. f4 a5 21. a4 Qb7 22.
b3 Qc7 23. Rd7 Qb8 24. Qxa5 c5 25. Qa7 Qb4 26. Rc7 c4 27. Rxc8 Rxc8 28. Qa6 Rc7 29. Qd6 Qb7 30. Qd8+ Kh7 31. Kb2 cxb3 32. cxb3 Qg2+ 33.
Qd2 Qc6 34. Rc1 Qb7 35. Qd3+ f5 36. Rxc7 Qxc7 37. Qc3 Qd6 38. a5 g5 39. Qe5 Qd2+ 40.
Ka3 Qc1+ 41. Kb4 Qd2+ 42. Kb5 Qd3+ 43. Kb4 Qd2+ 44. Qc3 Qd6+ 45. Ka4 Qd7+ 46. Ka3 gxf4 47. gxf4 Qd6+ 48. Qb4 Qd1 49. Qc4 Qd6+ 50. Ka4 Qd7+ 51. Qb5 Qd4+ 52. Qb4 Qd7+ 53. Ka3 Qd1 54. Qc3 Qd6+ 55.
Kb2 Qxf4 56. b4 Qf2+ 57. Ka3 f4 58. a6 f3 59. Qc7+ Kg6 60. a7 Qe3+ 61. Ka4 f2 62. a8=Q 1-0

[Event "Late-Titled-Tuesday-Blitz-April-02-2024"]
[Site "Chess.com"]
[Date "2024.04.02"]
[Round "6"]
[White "AmanteDeMoi"]
[Black "Zkid"]
[Result "0-1"]
[WhiteElo "2608"]
[BlackElo "2844"]
[TimeControl "180+1"]
[EndTime "15:04:46 PDT"]
[Termination "Zkid won on time"]

1. Nf3 d5 2. e3 Nf6 3. c4 e6 4. b3 Be7 5. Bb2 O-O 6. Be2 a5 7. O-O Nbd7 8. d3 b6 9. Qc2 Bb7 10. Nbd2 a4 11. cxd5 exd5 12. Nd4 a3 13. Bc3 Re8 14.
Rac1 c5 15. Nf5 Bf8 16. Bf3 Ne5 17. Bxe5 Rxe5 18. d4 Re8 19. dxc5 bxc5 20. Rfd1 Qb6 21. Nb1 Red8 22. Nc3 g6 23. Ng3 h5 24. Nge2 Bg7 25.
Na4 Qd6 26. Qxc5 Qxc5 27. Nxc5 Bc8 28. Nd4 Bg4 29. Bxg4 hxg4 30. b4 Ne4 31. Nxe4 dxe4 32. Nc6 Rd3 33. b5 Bb2 34. Rb1 Rc3 35. Rd6 Ra4 36. Rd4 Rxd4 37. exd4 Kf8 38. d5 Rc5 39. d6 Ke8 40. Rd1 Kd7 41. Nb8+ Kd8 42. d7 Bf6 43. Nc6+ Kc7 44. d8=Q+ Bxd8 45. Nxd8 Rc2 46. Nxf7 Rxa2 47. Ne5 Rc2 48. b6+ Kxb6 49. Rb1+ Kc5 50. Nxg4 a2 51. Rd1 Rb2 52. Rc1+ Kb5 0-1

[Event "Late-Titled-Tuesday-Blitz-April-02-2024"]
[Site "Chess.com"]
[Date "2024.04.02"]
[Round "6"]
[White "ArmanGhevondyanchess"]
[Black "wild3000"]
[Result "0-1"]
[WhiteElo "2592"]
[BlackElo "2416"]
[TimeControl "180+1"]
[EndTime "15:04:46 PDT"]
[Termination "wild3000 won by resignation"]

1. Nf3 b5 2. g3 Bb7 3. Bg2 Nf6 4. O-O g6 5. d4 Bg7 6. Na3 a6 7. c4 b4 8. Nc2 a5 9. a3 b3 10. Ne3 a4 11. Bd2 O-O 12. Rc1 Be4 13. d5 c5 14.
Bc3 d6 15. Ne1 Bxg2 16. N3xg2 Nbd7 17. f4 Ne4 18. Bxg7 Kxg7 19. Qd3 f5 20. Nf3 Ndf6 21.
Nd2 Qa5 22. Nxe4 Nxe4 23. Rfd1 Rae8 24. Ne1 h5 25. Nf3 Rh8 26. Nd2 Nxd2 27. Rxd2 h4 28. Kg2 hxg3 29. hxg3 e5 30. dxe6 Rxe6 31. Rcd1 Qa8+ 32.
Qf3 Qxf3+ 33. Kxf3 Rh2 34. e3 Rxd2 35. Rxd2 Re4 36.
Rxd6 Rxc4 37. g4 Rc2 38. gxf5 gxf5 39. e4 fxe4+ 40. Kxe4 Rxb2 41. f5 c4 42. Rd7+ Kf6 43. Rd6+ Ke7 44. Re6+ Kf7 45. Rc6 Rc2 46. Ke5 Re2+ 47.
Kd4 b2 48. Rb6 Rc2 49. Ke5 c3 50. Rb7+ Ke8 51. f6 Re2+ 52. Kf5 c2 53. Rxb2 Rf2+ 54. Ke6 Rxf6+ 55. Kxf6 c1=Q 56. Re2+ Kd7 57. Ke5 Qxa3 58.
Ke4 Qe7+ 59. Kd3 Qxe2+ 60. Kxe2 a3 0-1

[Event "Late-Titled-Tuesday-Blitz-April-02-2024"]
[Site "Chess.com"]
[Date "2024.04.02"]
[Round "6"]
[White "stollenmonster"]
[Black "BogdanDeac"]
[Result "1-0"]
[WhiteElo "2866"]
[BlackElo "3088"]
[TimeControl "180+1"]
[EndTime "15:04:47 PDT"]
[Termination "stollenmonster won by resignation"]

1. e4 Nf6 2. Nc3 d5 3. exd5 Nxd5 4. g3 g6 5. Bg2 c6 6. Nge2 Bg7 7.
Nxd5 cxd5 8. d4 h5 9. h3 Nc6 10.
c3 e6 11. O-O O-O 12. Nf4 b5 13. a3 a5 14. Re1 Rb8 15. Be3 b4 16. axb4 axb4 17.
Qf3 bxc3 18. bxc3 Ne7 19. g4 hxg4 20. hxg4 Bd7 21. Nd3 Nc6 22. Nc5 Re8 23. Bf4 Rb6 24. Qg3 Qc8 25. Bf3 e5 26. Nxd7 Qxd7 27. dxe5 Rb3 28.
Re3 d4 29. cxd4 Nxd4 30. Rxb3 Nxb3 31. Ra8 Rxa8 32. Bxa8 Nd4 33. Bf3 Qb5 34. Kg2 Ne6 35.
Be4 Qc4 36. Qe3 Bf8 37. Bg3 Bc5 38. Qd3 Qb4 39. Bxg6 fxg6 40. Qxg6+ Ng7 41. e6 Qb7+ 42. f3 Qe7 43. Be5 Qf8 44. Bf6 Be7 45. g5 Bd6 46. f4 Qa8+ 47. Kg3 Qf8 48. Kg4 Be7 49. f5 Bb4 50. Kf4 Qb8+ 51. Kg4 Qa7 52. Qxg7+ Qxg7 53. Bxg7 Kxg7 54. f6+ Kf8 55. Kf5 Bc5 56. g6 Bb4 57. g7+ Kg8 58. Kg6 1-0

[Event "Late-Titled-Tuesday-Blitz-April-02-2024"]
[Site "Chess.com"]
[Date "2024.04.02"]
[Round "6"]
[White "Mikhail_Golubev"]
[Black "Rsnr"]
[Result "0-1"]
[WhiteElo "2627"]
[BlackElo "2880"]
[TimeControl "180+1"]
[EndTime "15:04:47 PDT"]
[Termination "Rsnr won on time"]

1. e4 c6 2. d4 d5 3. Nc3 dxe4 4. Nxe4 Bf5 5. Ng3 Bg6 6. c3 e6 7. Nh3 Nf6 8. Nf4 Bd6 9. h4 Qc7 10. Qf3 Nbd7 11. h5 Bc2 12. h6 g6 13. Bd3 Bxd3 14.
Nxd3 O-O 15. Bg5 Nd5 16. Ne4 f6 17. Bd2 Be7 18. c4 N5b6 19. b3 Rae8 20. O-O Qd8 21. Rad1 f5 22. Nc3 Bf6 23. Be3 Qe7 24. Rfe1 Qf7 25.
Qg3 Kh8 26. Ne2 Nc8 27. Bg5 Qe7 28. Bxf6+ Qxf6 29. Ne5 Re7 30. Nf4 Rfe8 31. Nh3 Nf8 32. Ng5 Nd6 33. Qf4 Rd8 34. Qh4 Kg8 35. Qf4 Ne8 36. Nef3 Nd6 37. Re5 Ne8 38. Rde1 Nc7 39. R5e2 Rde8 40. Ne5 Rd8 41. Nef7 Rxf7 42. Nxf7 Qxf7 43.
d5 cxd5 44. Qh4 Rd7 45. cxd5 Nxd5 46. Rc2 Nf6 47. Rc8 Ne4 48. Qf4 g5 49. Qb8 Qf6 50.
Rec1 Rf7 51. Re8 Qd4 52. Rf1 Ng3 53. Qd8 Qxd8 54. Rxd8 Nxf1 0-1

[Event "Late-Titled-Tuesday-Blitz-April-02-2024"]
[Site "Chess.com"]
[Date "2024.04.02"]
[Round "6"]
[White "lilylg"]
[Black "VD_coach"]
[Result "1/2-1/2"]
[WhiteElo "2242"]
[BlackElo "2584"]
[TimeControl "180+1"]
[EndTime "15:04:49 PDT"]
[Termination "Game drawn by repetition"]

1. d4 Nf6 2. c4 g6 3. d5 Bg7 4.
Nc3 O-O 5. e4 d6 6. h3 e6 7. Nf3 c6 8. Be2 exd5 9. exd5 cxd5 10. cxd5 Re8 11. O-O Nbd7 12. Re1 Nc5 13. Bf4 a6 14. Rc1 Bf5 15. Nd4 Be4 16. b4 Ncd7 17. Bc4 Nb6 18. Nxe4 Rxe4 19. Rxe4 Nxe4 20. Bb3 Nxf2 21. Kxf2 Qf6 22. Ne2 g5 23. Qd2 Re8 24. Rf1 gxf4 25. Kg1 Bh6 26. Qd4 Qxd4+ 27. Nxd4 Re3 28.
Nf5 Bg5 29. Nxe3 fxe3 30. Re1 Nd7 31. Kf1 Nf6 32. Ke2 Ne4 33. Rc1 h5 34. Rc8+ Kg7 35. Bc2 Ng3+ 36. Ke1 Bf6 37. Re8 Bc3+ 38. Kd1 e2+ 39.
Rxe2 Nxe2 40. Kxe2 Bxb4 41. Bb3 Bc5 42. Kf3 Kg6 43. g4 hxg4+ 44. hxg4 Kg5 45. Bc2 b5 46. Be4 a5 47. Bf5 b4 48. Bd7 Kf6 49. Be8 Ke7 50.
Bc6 Kd8 51. Ke4 Kc7 52. Kf5 Bd4 53. g5 Kd8 54. Bb5 Ke7 55. Bc6 Be3 56. Bb5 Bd2 57. Bc6 Bc1 58. Bb5 Bb2 59. Bc6 Bg7 60. Bb5 Be5 61.
Bc6 Bd4 62. Bb5 Be5 63. Bc6 Bd4 64. Bb5 Be5 1/2-1/2

[Event "Late-Titled-Tuesday-Blitz-April-02-2024"]
[Site "Chess.com"]
[Date "2024.04.02"]
[Round "6"]
[White "mishanick"]
[Black "Hikaru"]
[Result "0-1"]
[WhiteElo "3041"]
[BlackElo "3273"]
[TimeControl "180+1"]
[EndTime "15:04:50 PDT"]
[Termination "Hikaru won by resignation"]

1. d4 d5 2. c4 e6 3. Nf3 Nf6 4. Nc3 Be7 5. Bg5 h6 6. Bh4 O-O 7. e3 Ne4 8. Bxe7 Qxe7 9. Bd3 Nxc3 10. bxc3 dxc4 11. Bxc4 c5 12. O-O Nc6 13. Rb1 b6 14. Bb5 Bb7 15. Qa4 Rac8 16. Ba6 Bxa6 17. Qxa6 Rc7 18.
Rfc1 Rfc8 19. h3 Na5 20. Rd1 cxd4 21. cxd4 Rc2 22. d5 exd5 23. Rxd5 Rc1+ 24. Rxc1 Rxc1+ 25. Kh2 Qc7+ 26. g3 Rc2 27. Kg1 Nc4 28. Qa4 Rc1+ 29.
Kg2 Qe7 30. Rd4 Nd6 31. Qa3 Rc6 32. Qd3 g6 33. a4 Kg7 34. Rd5 Nf5 35. Rd7 Qf6 36.
Rxa7 Qb2 37. g4 Rd6 38. Rxf7+ Kxf7 39. Qc4+ Ke7 40. gxf5 gxf5 41. Qc7+ Rd7 42. Qc6 Qg7+ 43. Kf1 Qf6 44. Qc4 Qe6 45. Qh4+ Qf6 46. Qf4 Qa1+ 47. Kg2 Qg7+ 48. Kh2 Qf6 49. Kg2 Kf8 50. Nd4 Rf7 51. Kf1 Kg7 52. Qg3+ Kh7 53. Qf4 Qg5 54. Qe5 f4 55.
Qe4+ Qg6 56. Qe5 Qd3+ 57. Kg2 fxe3 58. fxe3 Qf1+ 59. Kg3 Qf2+ 60. Kg4 Rg7+ 61. Kh5 Rg5+ 62. Qxg5 hxg5 63. Ne6 Qf7+ 0-1

[Event "Late-Titled-Tuesday-Blitz-April-02-2024"]
[Site "Chess.com"]
[Date "2024.04.02"]
[Round "6"]
[White "N_Mullodzhanov"]
[Black "MarceloPlaya"]
[Result "0-1"]
[WhiteElo "2539"]
[BlackElo "2416"]
[TimeControl "180+1"]
[EndTime "15:04:53 PDT"]
[Termination "MarceloPlaya won by checkmate"]

1. e4 e6 2. d4 d5 3. Nc3 Bb4 4. Bd3 c5 5. Nf3 Nc6 6. a3 Bxc3+ 7. bxc3 c4 8. Be2 dxe4 9. Ng5 Nf6 10. Bxc4 h6 11. Nh3 O-O 12. O-O e5 13. d5 Ne7 14.
d6 Nf5 15. f4 Nxd6 16. fxe5 Nxc4 17. Qxd8 Rxd8 18. exf6 Bxh3 19. gxh3 gxf6 20. Bxh6 Rd6 21.
Rae1 Re8 22. a4 f5 23. Bf4 Rd5 24. Re2 Re6 25. h4 Kh7 26. h5 Ne5 27. Rb1 b6 28.
Kg2 Nf3 29. c4 Rd4 30. Rb5 Rxc4 31. a5 Nd4 32. axb6 axb6 33. Rd2 Nxb5 34. Rd8 Rxc2+ 35.
Kg3 Rc3+ 36. Kh4 e3 37. Bg3 e2 38. Be1 Rc1 39. Bd2 e1=Q+ 40. Bxe1 Rcxe1 41. Kg5 f4 42. Kxf4 Rf1+ 43. Kg5 Re5+ 44. Kg4 Rg1+ 45. Kf4 Rgg5 46.
h4 Rxh5 47. Rd7 Kg7 48. Kg4 Rhf5 49. Rd1 Rf2 50. Rg1 Kh6 51. Kg3 Rfe2 52. Rf1 Nd4 53. Rxf7 R2e3+ 54. Kg2 Ra5 55. Rf6+ Kh5 56. Rxb6 Ra2+ 57.
Kf1 Rb3 58. Rxb3 Nxb3 59. Ke1 Kxh4 60. Kf1 Kg3 61. Ke1 Kf3 62. Kd1 Ke3 63. Ke1 Ra1# 0-1

[Event "Late-Titled-Tuesday-Blitz-April-02-2024"]
[Site "Chess.com"]
[Date "2024.04.02"]
[Round "6"]
[White "kikoveiga"]
[Black "PetrolulSah"]
[Result "1-0"]
[WhiteElo "2481"]
[BlackElo "2222"]
[TimeControl "180+1"]
[EndTime "15:04:53 PDT"]
[Termination "kikoveiga won on time"]

1. e4 e5 2. Nf3 Nc6 3. Bb5 a6 4. Ba4 Nf6 5. O-O b5 6. Bb3 Be7 7. Re1 d6 8. c3 Nb8 9. a4 Bb7 10. d3 O-O 11. Nbd2 Nbd7 12. Nf1 Nc5 13. Bc2 bxa4 14. Ng3 Bc8 15. d4 exd4 16. cxd4 Nb3 17. Bxb3 axb3 18. Qxb3 Be6 19. Qd3 c5 20. Rxa6 c4 21.
Rxa8 cxd3 22. Rxd8 Rxd8 23. Rd1 Bc4 24. Ne1 Ra8 25.
Nxd3 Ra1 26. Ne2 Nxe4 27. f3 Nf6 28. Kf2 Nd5 29. Ndf4 Bf6 30. Nxd5 Bxd5 31. Nc3 Bb3 32. Re1 Bxd4+ 33. Kg3 h6 34. Bd2 Rxe1 35. Bxe1 f5 36. Bd2 Kf7 37. f4 Kf6 38. Kf3 g5 39. g3 g4+ 40. Kg2 Be6 41. h3 h5 42. hxg4 hxg4 43. b4 Bc8 44. b5 Bb7+ 45. Kf1 Ke6 46. Ne2 Bc5 47. Bc3 Bd5 48. Nd4+ Kd7 49. Nxf5 Bc4+ 50.
Kg2 Bxb5 51. Nh6 Be2 52. Nf5 Kc7 53. Bd4 Bf3+ 54. Kf2 Bb4 55. Nh6 Kc6 56. Nf5 Kd5 57. Be3 Bc5 58. Bxc5 dxc5 59. Ke3 Kc4 60. Nh4 Kb3 61. f5 1-0